 Dungeon Crawl Stone Soup version 0.20-a0-522-g0b37eee (webtiles) character file.

156 AlphabetPasta the Charmwright (level 5, -1/38 HPs)
             Began as a Human Skald on Jan 24, 2017.
             Slain by a sky beast (5 damage)
             ... on level 3 of the Dungeon.
             The game lasted 00:12:08 (2487 turns).

AlphabetPasta the Charmwright (Human Skald)         Turns: 2487, Time: 00:12:11

Health: -1/38      AC:  4    Str: 13    XL:     5   Next: 65%
Magic:  5/9        EV: 12    Int: 13    God:
Gold:   131        SH:  0    Dex: 12    Spells: 1/9 levels left

rFire    . . .     SeeInvis .   a - +0 hand axe
rCold    . . .     Gourm    .   b - +1 leather armour
rNeg     . . .     Faith    .   (no shield)
rPois    .         Spirit   .   (no helmet)
rElec    .         Reflect  .   (no cloak)
rCorr    .         Harm     .   (no gloves)
MR       .....                  (no boots)
Stlth    +.........             (no amulet)
Regen    0.2/turn               (no ring)
                                (no ring)

@: infused (expiring)
A: no striking features
a: no special abilities


You were on level 3 of the Dungeon.
You were not hungry.

You visited 1 branch of the dungeon, and saw 3 of its levels.

You collected 131 gold pieces.

Inventory:

Hand Weapons
 a - a +0 hand axe (weapon)
Missiles
 j - 33 bolts
 s - a javelin (quivered)
Armour
 b - a +1 leather armour (worn)
Jewellery
 e - an uncursed ring of resist corrosion {unknown}
 h - a +4 ring of dexterity {unknown}
 n - a cursed ring of protection from magic {unknown}
Scrolls
 m - a scroll of fear
 o - a scroll of recharging
 p - a scroll of remove curse {unknown}
Potions
 g - 3 potions of lignification {unknown}
 k - 2 potions of heal wounds {unknown}
 l - a potion of experience {unknown}
 q - 2 potions of haste {unknown}
 r - a potion of curing {unknown}
Books
 c - a book of Battle

   Spells                             Type                      Level
   a - Infusion                       Charms                       1
   b - Shroud of Golubria             Charms/Translocation         2
   c - Song of Slaying                Charms                       2
   d - Spectral Weapon                Hexes/Charms                 3
   e - Regeneration                   Charms/Necromancy            3
Comestibles
 d - 3 bread rations
 f - 3 chunks of flesh
 i - 2 meat rations


   Skills:
 + Level 2.2 Fighting
 * Level 3.2 Axes
 + Level 1.5 Armour
 + Level 2.6 Dodging
 + Level 2.7 Spellcasting
 * Level 3.8 Charms
 + Level 0.4 Necromancy
 - Level 1.1 Translocations


You had one spell level left.
You knew the following spells:

 Your Spells              Type           Power        Failure   Level  Hunger
a - Infusion              Chrm           ##..         10%         1    #......
b - Song of Slaying       Chrm           ##......     12%         2    ###....
c - Shroud of Golubria    Chrm/Tloc      #.........   17%         2    ###....
d - Regeneration          Chrm/Necr      #.........   41%         3    ###....


Dungeon Overview and Level Annotations

Branches:
Dungeon (3/15)

Altars:
Gozag

Annotations:
D:3 Grinder


Message History

Your magical infusion is running out.
The sky beast barely misses you. The sky beast hits you.
The sky beast shocks you.
You hit the sky beast but do no damage.
The sky beast is almost dead.
The sky beast hits you.
* * * LOW HITPOINT WARNING * * *
The sky beast shocks you.
* * * LOW HITPOINT WARNING * * *
You closely miss the sky beast.
The sky beast is almost dead.
The sky beast hits you but does no damage.
You closely miss the sky beast.
The sky beast is almost dead.
The sky beast flickers out of sight!
Deactivating autopickup; reactivate with Ctrl-A.
Something hits you.
* * * LOW HITPOINT WARNING * * *
Something shocks you.
You die...

#.# #.##.#.....(...# #.#
#........###.#.#
######.####..#.#...# #.#.#
#.....(......#.##.####.#.######
#.(..........#................###
#....#.###.............#.........
#.#.##.# #.............######.###
#.#.##.# #.#...{#####.)# #.#
#.#.#..# #.#....@####..######.#
#.#.#.## #..................#.#
#)#.#.# #.#.....####..###....#
#.#.#.# #.#....## #..# #..###
#.....# #.#.# #..# #..#
#.....####.#.#. #..###..#
#............%. #..##..[####
#...).######### #..##......##
##...#### #..##........


There were no monsters in sight!

Vanquished Creatures
  Jessica (D:2)
  4 adders
  2 oozes (D:1)
  4 worms
  3 leopard geckos
  A ball python (D:1)
  9 bats
  A giant cockroach (D:2)
  10 goblins
  12 hobgoblins
  A quokka (D:2)
  4 frilled lizards
  10 kobolds
  10 rats
72 creatures vanquished.

Notes
Turn   | Place    | Note
-------+----------+-------------------------------------------
     0 | D:1      | AlphabetPasta the Human Skald began the quest for the Orb.
     0 | D:1      | Reached XP level 1. HP: 16/16 MP: 3/3
   115 | D:1      | Reached XP level 2. HP: 16/22 MP: 0/5
   359 | D:1      | Reached XP level 3. HP: 21/27 MP: 6/6
   616 | D:1      | Learned a level 2 spell: Song of Slaying
   619 | D:1      | Learned a level 2 spell: Shroud of Golubria
   842 | D:2      | Learned a level 2 spell: Shroud of Golubria
  1044 | D:2      | Reached XP level 4. HP: 33/33 MP: 7/7
  1150 | D:2      | Noticed Jessica
  1156 | D:2      | Killed Jessica
  1224 | D:2      | Reached skill level 1 in Translocations
  1231 | D:2      | Reached XP level 5. HP: 24/38 MP: 4/9
  1242 | D:2      | Learned a level 3 spell: Regeneration
  1792 | D:2      | Found an opulent altar of Gozag.
  2162 | D:3      | Noticed Grinder
  2472 | D:3      | Noticed a sky beast
  2487 | D:3      | Slain by a sky beast

Vault maps used:
D:1:      moated_graveyard_arrival, hex_medium
D:2:      grunt_gozag_breadcrumbs, uniq_jessica
D:3:      first_bread, uniq_grinder

Skill      XL: |  1  2  3  4  5 |
---------------+----------------+-----
Translocations | 1 |  1.1
Axes           | 3 |  3.2
Fighting       | |  2.2
Armour         | |  1.5
Dodging        | |  2.6
Spellcasting   | |  2.7
Charms         | |  3.8
Necromancy     | |  0.4

Action                   |  1- 3 |  4- 6 || total
-------------------------+-------+-------++-------
Melee: Hand axe          |   112 |   133 ||   245
 Cast: Infusion          |     7 |    12 ||    19
  Use: Scroll            |     2 |     5 ||     7
 Stab: Distracted        |     1 |       ||     1
  Eat: Chunk             |     1 |     5 ||     6
Armor: Leather armour    |    27 |    36 ||    63
Dodge: Dodged            |    54 |    67 ||   121
